 Dungeon Crawl Stone Soup version 0.24.0-2-g5b39cebb1c (webtiles) character file.

Game seed: 9928271681415299943, levelgen mode: deterministic

50 Esekla the Conjurer (level 3, 0/31 HPs)
             Began as a Deep Dwarf Conjurer on Oct 30, 2019.
             Slain by a centaur (6 damage)
             ... on level 5 of the Dungeon.
             The game lasted 00:13:36 (1122 turns).

Esekla the Conjurer (Deep Dwarf Conjurer)           Turns: 1122, Time: 00:13:37

Health: 0/31       AC:  2    Str: 11    XL:     3   Next: 55%
Magic:  1/6        EV: 13    Int: 16    God:
Gold:   52         SH:  0    Dex: 13    Spells: 3/6 levels left

rFire    . . .     SeeInvis .   m - +0 short sword
rCold    . . .     Gourm    .   (no shield)
rNeg     . . .     Faith    .   a - +0 robe
rPois    .         Spirit   .   (no helmet)
rElec    .         Reflect  .   (no cloak)
rCorr    .         Harm     .   (no gloves)
MR       .....                  (no boots)
Stlth    +++.......             (no amulet)
HPRegen  0.00/turn              i - ring of stealth
MPRegen  0.10/turn              (no ring)

@: non-regenerating
A: damage resistance, heal wounds, sense surroundings 1, no regeneration
a: Heal Wounds


You were on level 5 of the Dungeon.
You were hungry.

You visited 1 branch of the dungeon, and saw 5 of its levels.

You collected 52 gold pieces.

Inventory:

Hand Weapons
 d - a +0 spear
 m - a +0 short sword (weapon)
Missiles
 h - 19 poisoned darts (quivered)
Armour
 a - a +0 robe (worn)
Jewellery
 i - a ring of stealth (left hand)
Scrolls
 b - 2 scrolls of identify
 e - a scroll of vulnerability {unknown}
 f - a scroll of noise {unknown}
 g - 2 scrolls of magic mapping {unknown}
 j - a scroll of teleportation {unknown}
Potions
 l - a potion of might
Comestibles
 c - 2 rations


   Skills:
 * Level 1.0 Fighting
 + Level 2.4 Dodging
 * Level 2.9 Stealth
 * Level 2.0 Spellcasting
 + Level 4.2 Conjurations


You had 3 spell levels left.
You knew the following spells:

 Your Spells              Type           Power        Failure   Level  Hunger
a - Magic Dart            Conj           ###.         3%          1    #......
b - Searing Ray           Conj           ###...       5%          2    ###....

Your spell library contained the following spells:

 Spells                   Type           Power        Failure   Level  Hunger
 Dazzling Spray           Conj/Hex       #.....       26%         3    ###....
 Iskenderun's Mystic Bla  Conj           ###.....     34%         4    #####..
 Force Lance              Conj/Tloc      #.......     65%         4    #####..
 Fulminant Prism          Conj/Hex       #.........   65%         4    #####..


Dungeon Overview and Level Annotations

Branches:
Dungeon (5/15)
 Temple: D:4-7

Altars:
Trog


Innate Abilities, Weirdness & Mutations

You are resistant to damage.
You can heal yourself by infusing magical energy.
You passively map a small area around you.
You do not regenerate.


Message History

The searing ray hits the centaur but does no damage. (Press . to maintain the ray.)
You are feeling hungry.
The centaur barely misses you.
The searing ray misses the centaur.
The centaur barely misses you. The centaur closely misses you.
The searing ray misses the centaur.
The centaur barely misses you.
The searing ray hits the centaur!
The centaur is heavily wounded.
You finish channeling your searing ray.
The centaur misses you. The centaur barely misses you.
You barely miss the centaur.
The centaur is heavily wounded.
The centaur closely misses you. The adder misses you.
You hit the centaur.
The centaur is heavily wounded.
The centaur barely misses you. The adder bites you.
* * * LOW HITPOINT WARNING * * *
The centaur hits you!
You die...

, ,, #.###. * * #...#. ,
* ...... **,, * , *
#.....### , # #### ,
......## #.S#####..#
#.....,,..........#
#.Sc###?..#.##.#.### *
#..@...##........##. *
####.#..##..##...... , ,
* #.# .............
.#####.#####....#.....
,..............##.<.....
,.######...###.........#
...........######..# *
####..........o.<... ,
,, #............###..


You could see a centaur and an adder.

Vanquished Creatures
  An adder (D:2)
  An ooze (D:2)
  2 dart slugs (D:1)
  A leopard gecko (D:2)
  A ball python (D:1)
  A bat (D:2)
  3 giant cockroaches
  3 goblins
  4 hobgoblins
  A jackal (D:2)
  2 kobolds (D:1)
  A quokka (D:5)
  3 frilled lizards (D:1)
  6 rats
30 creatures vanquished.

Notes
Turn   | Place    | Note
-------+----------+-------------------------------------------
     0 | D:1      | Esekla the Deep Dwarf Conjurer began the quest for the Orb.
     0 | D:1      | Reached XP level 1. HP: 15/15 MP: 3/3
   292 | D:2      | Reached XP level 2. HP: 22/22 MP: 2/4
   296 | D:2      | Learned a level 2 spell: Searing Ray
   316 | D:2      | Found a bloodstained altar of Trog.
   382 | D:2      | Reached skill level 4 in Conjurations
   421 | D:2      | Noticed a +0 dagger
   421 | D:2      | Noticed a +0 hand axe
   589 | D:1      | Reached XP level 3. HP: 16/30 MP: 5/5
   833 | D:1      | Reached skill level 1 in Fighting
  1079 | D:5      | Entered Level 5 of the Dungeon
  1116 | D:5      | Noticed a centaur
  1122 | D:5      | Slain by a centaur

Levels and vault maps discovered:
D:1:      lightli_arrival_quake, layout_basic, nrook_loot_triangle,
          minmay_tree_intersection, minmay_split_cup_large
D:2:      layout_loops_ring, bloody_trog, dancing_weapons_uskayaw
D:3:      lemuel_upstairs_altar, layout_rooms, serial_undead, serial_undead_a,
          serial_undead_c, serial_undead_d, serial_undead_a,
          chequers_serial_rivers_micro_e, uniq_jessica
D:4:      gammafunk_cloud_chamber, layout_loops_ring,
          gammafunk_temple_overflow_wave, first_ration,
          minmay_shop_enchanted_jewellery
D:5:      layout_rooms, yredelemnul_forgotten_temple_becter,
          gammafunk_temple_overflow_arena, nrook_mini_backslash,
          chequers_serial_rivers_large_b

Skill      XL: |  1  2  3 |
---------------+----------+-----
Conjurations   | 4 |  4.2
Fighting       | 1 |  1.0
Spellcasting   | 2 |  2.0
Dodging        | |  2.4
Stealth        | |  2.9

Action                   || total
-------------------------++-------
Melee: Spear             ||    60
       Short sword       ||    35
       Dagger            ||     3
 Cast: Magic Dart        ||    21
       Searing Ray       ||     4
  Use: Scroll            ||     2
       Potion            ||     1
 Stab: Sleeping          ||     6
  Eat: Chunk             ||     1
Armor: Robe              ||    17
Dodge: Dodged            ||    88
